cohdb
Replays
Latest Replays
All Replays
Popular Replays
Top Player Replays
Match Explorer
How It Works
Community
CoH3 Stats
Reddit
Sign in to upload your games and track your stats! →
Sign in with Steam
Match 46965552
Unlisted
Match 46965552
Overview
Messages
Build Orders
End
Kettenkrad Recon Vehicle
Construct Infanterie Kompanie
MG 42 Machine Gun Team
GrW 34 Mortar Team
Grenadier Squad
Selects Italian Coastal Battlegroup
Selects Coastal Reserves
Coastal Reserve
Medical Bunker
Selects Artillery Officer
Selects Artillery Officer
Artillery Officer
Construct Luftwaffe Kompanie
Jäger Squad
Support Elements
Selects Support Bunkers
Construct Panzergrenadier Kompanie
StuG III G Assault Gun
Selects Designated Artillery Overwatch
251 Medium Carrier
Side Skirts
Dita
팡팡이(Pang_Pang_E)
BlackDevils
Black Jack
wbr
Red Six
NooJ
蘅
0
0
Comments
sign in to comment!
No comments posted yet!